 Dungeon Sprint DCSS version 0.19-a0-1493-gd0fcaa6 (webtiles) character file.

188 poirepourri the Fighter (level 5, -1/42 HPs)
             Began as a Gargoyle Fighter on Sept 9, 2016.
             Slain by a chaos spawn (7 damage)
             ... summoned by a kobold demonologist
             ... in the Dungeon (Sprint III: "The Ten Rune Challenge").
             The game lasted 00:01:38 (554 turns).

poirepourri the Fighter (Gargoyle Fighter)           Turns: 554, Time: 00:01:39

Health: -1/42      AC: 10    Str: 25      XL:     5   Next: 67%
Magic:  5/5        EV:  8    Int:  9      God:
Gold:   27         SH:  9    Dex:  7 (9)  Spells: 0 memorised, 4 levels left

rFire  . . .     SeeInvis .     a - +0 flail
rCold  . . .     Gourm    .     b - +0 scale mail
rNeg   + . .     Faith    .     c - +0 shield
rPois  ∞         Spirit   .     (no helmet)
rElec  +         Dismiss  .     (no cloak)
rCorr  .         Reflect  .     (no gloves)
MR     .....     Harm     .     (no boots)
Stlth  .......... NoTele   +    (no amulet)
                                (no ring)
                                (no ring)

@: mighty, exhausted, very slightly contaminated
A: negative energy resistance 1, electricity resistance, unbreathing,
petrification resistance, rot immunity, AC +4
a: no special abilities


You were in the Dungeon.
You were not hungry.

You visited 1 branch You collected 27 gold pieces.

Inventory:

Hand Weapons
 a - a +0 flail (weapon)
Armour
 b - a +0 scale mail (worn)
 c - a +0 shield (worn)
Wands
 m - a wand of flame (4/48)
Scrolls
 l - a scroll of identify
 o - a scroll of holy word
 p - 2 scrolls of remove curse
Potions
 h - a potion of haste
 i - 2 potions of magic
 n - 2 potions of mutation
 r - 3 potions of cure mutation
 s - 2 potions of flight
Comestibles
 f - a bread ration
 q - 4 fruits
 u - a royal jelly


   Skills:
 + Level 10.1 Fighting
 + Level 6.1 Maces & Flails
 - Level 3.2 Armour
 + Level 2.7 Dodging
 - Level 3.2 Shields


You had 4 spell levels left.
You didn't know any spells.

Dungeon Overview and Level Annotations

Branches:
Dungeon (1/1)

Altars:
Kikubaaqudgha
Sif Muna
Vehumet


Innate Abilities, Weirdness & Mutations

You are resistant to torment.
Your stone body is resilient. (AC +4)
You are immune to poison.
You resist negative energy. (rN+)
You are resistant to electric shocks. (rElec)
You can survive without breathing.
You are immune to petrification.
You are immune to rotting.


Message History

The quasit disappears in a puff of smoke!
You see here a human skeleton.
Blink to where?
Press: ? - help, Dir - move target cursor You are very lightly contaminated with residual magic.
As you read the scroll of blinking, it crumbles to dust.
The kobold demonologist hits you but does no damage.
You hit the kobold demonologist.
The kobold demonologist is moderately wounded.
The ice devil disappears in a puff of smoke!
You block the kobold demonologist's attack.
You feel very mighty all of a sudden.
The kobold demonologist casts a spell.
The chaos spawn closely misses you.
You feel better.
You block the kobold demonologist's attack.
The chaos spawn gores you!
* * * LOW HITPOINT WARNING * * *
You are engulfed in flames!
You die...

▓▓▓▓▓▓▓▓▓ ▓▓▓ ▓<..#...####
##.# ▓...#......#####..#
▓..##.......#..#..#
▓##.##.##...#..#..###+#+###
##.##.###..##'#..#........
▓#.####.##..###...'.⌠......
▓.###..##..####.@.#§..#####
▓#..†..##..###.4K.#.5.#
###..##..[##.....#...#
##..##....#÷....4#)###
#..###..##.#.....#5: #..#
#..#####....#___ ▓▓▓▓ ▓▓▓▓
▓▓▓▓▓▓▓▓▓▓


You could see a kobold demonologist, a chaos spawn and a red devil.

Vanquished Creatures
  A water elemental (D)
  A scorpion (D)
  A wizard (D)
  Jessica (D)
  A human (D)
  An ooze (D)
  2 rats (D)
8 creatures vanquished.

Vanquished Creatures (others)
  2 draconian scorchers (D)
  6 hellions (D)
  A yaktaur (D)
  3 plants (D)
12 creatures vanquished.

Grand Total: 20 creatures vanquished

Notes
Turn   | Place    | Note
-------+----------+-------------------------------------------
     0 | D        | poirepourri the Gargoyle Fighter began the quest for the Orb.
     0 | D        | Reached XP level 1. HP: 14/14 MP: 1/1
    13 | D        | Reached skill level 4 in Fighting
    41 | D        | Noticed Jessica
    49 | D        | Killed Jessica
    49 | D        | Reached skill level 6 in Fighting
    49 | D        | Reached skill level 1 in Dodging
    49 | D        | Reached XP level 2. HP: 7/23 MP: 2/2
    49 | D        | Reached XP level 3. HP: 9/28 MP: 3/3
    90 | D        | Killed a hellion
    93 | D        | Killed a hellion
    94 | D        | Killed a hellion
   105 | D        | Killed a hellion
   113 | D        | Killed a yaktaur
   128 | D        | Killed a white draconian scorcher
   129 | D        | Killed a white draconian scorcher
   136 | D        | Killed a hellion
   136 | D        | Killed a hellion
   254 | D        | Noticed a scorpion
   271 | D        | Killed a scorpion
   271 | D        | Reached skill level 8 in Fighting
   271 | D        | Reached XP level 4. HP: 30/35 MP: 4/4
   444 | D        | Noticed a water elemental
   513 | D        | Killed a water elemental
   513 | D        | Reached skill level 9 in Fighting
   513 | D        | Reached skill level 5 in Maces & Flails
   513 | D        | Reached XP level 5. HP: 42/42 MP: 5/5
   535 | D        | Found a radiant altar of Vehumet.
   535 | D        | Found a deep blue altar of Sif Muna.
   535 | D        | Found an ancient bone altar of Kikubaaqudgha.
   537 | D        | Noticed an orange demon
   538 | D        | Reached skill level 10 in Fighting
   546 | D        | Noticed a chaos spawn
   552 | D        | Noticed an ice devil
   554 | D        | Noticed a red devil
   554 | D        | Slain by a chaos spawn

Vault maps used:
D:        dungeon_sprint_mu

Skill      XL: |  1  2  3  4  5 |
---------------+----------------+-----
Fighting       | 6 8 9 10 | 10.1
Maces & Flails | 3 4 5 6 |  6.1
Dodging        | 1 2 |  2.7
Armour         | |  3.2
Shields        | |  3.2

Action                   |  1- 3 |  4- 6 || total
-------------------------+-------+-------++-------
Melee: Flail             |    25 |    24 ||    49
  Use: Scroll            |       |     6 ||     6
       Potion            |       |     4 ||     4
Armor: Scale mail        |     8 |    21 ||    29
Dodge: Dodged            |     8 |    11 ||    19
Block: Shield            |     7 |    24 ||    31
